 Dungeon Crawl Stone Soup version 0.25-a0-105-g2289b3b9f1 (webtiles) character file.

Game seed: 13389033565837688499, levelgen mode: deterministic

0 Gargoyl the Skirmisher (level 1, -1/25 HPs)
             Began as a Centaur Abyssal Knight on Nov 16, 2019.
             Was a Follower of Lugonu.
             Slain by a shadow imp (4 damage)
             ... summoned by a neqoxec
             ... on level 1 of the Abyss.
             The game lasted 00:00:30 (130 turns).

Gargoyl the Skirmisher (Centaur Abyssal Knight)      Turns: 130, Time: 00:00:31

Health: -1/25      AC: 20    Str: 12    XL:     1   Next: 0%
Magic:  2/2        EV: -2    Int: 11    God:    Lugonu [*.....]
Gold:   0          SH:  0    Dex:  8    Spells: 0/0 levels left

rFire    . . .     SeeInvis .   a - +1 hand axe
rCold    . . .     Gourm    .   (no shield)
rNeg     + + +     Faith    .   (armour currently unavailable)
rPois    +         Spirit   .   (helmet currently unavailable)
rElec    .         Reflect  .   (cloak currently unavailable)
rCorr    .         Harm     .   (gloves currently unavailable)
MR       .....     NoTele   +   (no barding)
Stlth    +.........             (no amulet)
HPRegen  0.08/turn              (no ring)
MPRegen  0.08/turn              (no ring)

@: tree-form, constricted
A: large, frail 1, low mp 1, weak 1, no potion heal 1
a: Depart the Abyss, Renounce Religion


You were on level 1 of the Abyss.
You worshipped Lugonu.
Lugonu was aware of your devotion.
You were not hungry.
You were a tree.
You visited 0 branches of the dungeon, and saw 0 of its levels.
You visited the Abyss 1 time.

Inventory:

Hand Weapons
 a - a +1 hand axe (weapon)
Armour
 b - a +0 leather armour (melded)
Potions
 e - a potion of lignification
Comestibles
 c - a ration


   Skills:
 + Level 3.0 Fighting
 + Level 1.7 Axes
 + Level 1.3 Armour
 + Level 0.6 Dodging
 + Level 2.0 Invocations


You couldn't memorise any spells.
You didn't know any spells.
Your spell library was empty.

Dungeon Overview and Level Annotations

Branches:
Dungeon (0/15)

Altars:


Innate Abilities, Weirdness & Mutations

((You have hooves in place of feet.))
((Armour fits poorly on your strangely shaped body.))
((You cover ground very quickly.))
((You have extremely tough skin. (AC +3)))
((You are partially covered in yellow scales. (AC +2)))
You are frail. (-10% HP)
Your magical capacity is low. (-10% MP)
You are weak. (Str -2)
Potions are less effective at restoring your health.


Message History

You feel less energetic. The shadow imp hits you.
* * * LOW HITPOINT WARNING * * *
The neqoxec hits you but does no damage. 2 starspawn tentacles come into view.
You hit the neqoxec.
The neqoxec is moderately wounded.
You hit the shadow imp.
The shadow imp hits you but does no damage.
The neqoxec gestures at you.
Strange energies course through your body.
You feel frail.
The shadow imp hits you but does no damage.
You barely miss the neqoxec.
The neqoxec is moderately wounded.
You barely miss the shadow imp. The starspawn tentacle grabs you.
The starspawn tentacle constricts you. The neqoxec hits you.
* * * LOW HITPOINT WARNING * * *
The shadow imp hits you.
You die...

#. #.. .
###.# ─.
##.. .../
#│.#..# #
.<.#.X
...#.. #\.
│ .#..
##\#│#..#
#
#..\#│..#
#..##.ww.#
. . .
.#.♣## .
#...5#3#
###.. #.#
. ####..
#.# . #
...# # ...
#..##
.#.......
# #
#....#.. #
# ##.# .#.
...#


You could see a tentacled starspawn, a neqoxec, 2 starspawn tentacles and a
shadow imp.

Vanquished Creatures (others)
  2 starspawn tentacles (Abyss:1)
2 creatures vanquished.

Notes
Turn   | Place    | Note
-------+----------+-------------------------------------------
     0 | Abyss:1  | Gargoyl the Centaur Abyssal Knight began the quest for the
                  | Orb.
     0 | Abyss:1  | Reached XP level 1. HP: 19/19 MP: 2/2
    33 | Abyss:1  | Noticed a thrashing horror
   111 | Abyss:1  | Noticed a neqoxec
   113 | Abyss:1  | Gained mutation: You are partially covered in yellow
                  | scales. (AC +2) [a neqoxec]
   120 | Abyss:1  | Noticed a crimson imp
   121 | Abyss:1  | Gained mutation: Potions are less effective at restoring
                  | your health. [a neqoxec]
   122 | Abyss:1  | Noticed a tentacled starspawn
   125 | Abyss:1  | Gained mutation: You are weak. (Str -2) [a neqoxec]
   128 | Abyss:1  | Gained mutation: Your magical capacity is low. (-10% MP) [a
                  | neqoxec]
   129 | Abyss:1  | Gained mutation: You are frail. (-10% HP) [a neqoxec]
   130 | Abyss:1  | Slain by a shadow imp

Levels and vault maps discovered:
Abyss:1:  bh_abyss_exit_spiral

Action                   || total
-------------------------++-------
Melee: Hand axe          ||    12
  Use: Scroll            ||     2
       Potion            ||     1
Armor: Skin              ||    15
Dodge: Dodged            ||     2

Table legend:
 A = Non-vault XP
 B = Vault XP
 C = Vault XP percentage of total XP
 D = Non-vault monster count
 E = Vault monster count
 F = Vault count percentage of total count
                 A         B        C        D         E       F
            +---------+---------+-------+---------+---------+-------
      Total |       0 |       0 |   N/A |       0 |       0 |  -nan
            +---------+---------+-------+---------+---------+-------
            +---------+---------+-------+---------+---------+-------
